 Dungeon Crawl Stone Soup version 0.32-a0-17-gb74e046682 (webtiles) character file.

Game seed: 13005542283581742920

592 greenreed the Trooper (level 7, 0/64 HPs)
             Began as a Minotaur Berserker on Jan 15, 2024.
             Was an Elder of Trog.
             Succumbed to a kobold brigand's curare-tipped dart
             ... on level 5 of the Dungeon.
             The game lasted 00:06:13 (3373 turns).

greenreed the Trooper (Minotaur Berserker)          Turns: 3373, Time: 00:06:14

Health: 0/64       AC: 15    Str: 25    XL:     7   Next: 16%
Magic:  0/0        EV:  9    Int:  4    God:    Trog [****..]
Gold:   197        SH:  0    Dex: 10    Spells: 6/6 levels left

rFire   . . .        r - +2 flail (venom)
rCold   . . .        (no shield)
rNeg    . . .        t - +5 chain mail "Taoxabocoa" {rCorr MP-9 Str+2}
rPois   .            (helmet restricted)
rElec   .            (no cloak)
rCorr   +            (no gloves)
SInv    +            b - +0 pair of boots
Will    +....        (no amulet) Stlth
                     h - ring of willpower
HPRegen 0.30/turn    i - ring of see invisible
MPRegen 0.07/turn

%: no passive effects
@: lethally poisoned (0 -> -11), slowed, very slow
A: horns 2, retaliatory headbutt
a: Renounce Religion, Berserk, Trog's Hand, Brothers in Arms


You were on level 5 of the Dungeon.
You worshipped Trog.
Trog was greatly pleased with you.
You visited 1 branch of the dungeon, and saw 5 of its levels.

You collected 197 gold pieces.

Inventory:

Hand Weapons
 a - a +0 hand axe
 r - a +2 flail of venom (weapon)
Armour
 b - a +0 pair of boots (worn)
 t - the +5 chain mail "Taoxabocoa" (worn) {rCorr MP-9 Str+2}
   (You found it on level 4 of the Dungeon)

   Str+2:     It affects your strength (+2).
   MP-9:      It affects your magic capacity (-9).
   rCorr:     It protects you from acid and corrosion.
Jewellery
 h - a ring of willpower (left hand)
 i - a ring of see invisible (right hand)
Scrolls
 d - a scroll of silence {unknown}
 f - a scroll of teleportation {unknown}
 g - a scroll of immolation {unknown}
 l - 4 scrolls of identify {unknown}
 n - a scroll of amnesia {unknown}
 o - a scroll of revelation {unknown}
 s - a scroll of brand weapon {unknown}
 u - a scroll of enchant weapon {unknown}
 v - a scroll of fear {unknown}
 w - 3 scrolls of vulnerability {unknown}
Potions
 c - 3 potions of curing {unknown}
 e - a potion of ambrosia {unknown}
 j - 2 potions of degeneration {unknown}
 k - 2 potions of might {unknown}
 m - 2 potions of cancellation {unknown}
 p - a potion of enlightenment {unknown}
 q - 2 potions of magic {unknown}
 x - a potion of heal wounds {unknown}


   Skills:
 * Level 6.5 Fighting
 - Level 5.1(5.6) Axes
 * Level 3.6(4.9) Maces & Flails
 + Level 4.3 Armour
 + Level 3.8 Dodging


You had 6 spell levels left.
You didn't know any spells.
Your spell library was empty.

Dungeon Overview and Level Annotations

Branches:
Dungeon (5/15)             Temple (0/1) D:4

Altars:

Shops:
D:1 *   D:2 [


Innate Abilities, Weirdness & Mutations

You have a pair of horns on your head.
You reflexively headbutt those who attack you in melee.


Message History

A gnoll and a kobold brigand come into view.
The kobold brigand is wielding a +0 short sword and quivering curare-tipped darts.
The kobold brigand shouts!
A gnoll comes into view. It is wielding a +0 club.
There is a huge open gate here.
Unknown command.
The gnoll shouts!
You hear a shout!
An orc priest comes into view. It is wielding a +0 short sword.
You hear a shout!
There is a huge open gate here.
The orc priest miscasts a cantrip.
The kobold brigand throws a curare-tipped dart.
The curare-tipped dart hits you.
You are poisoned.
You have difficulty breathing.
You feel yourself slow down.
You feel very sick.
You feel very sick.
You feel very sick.
The kobold brigand throws a curare-tipped dart.
The curare-tipped dart hits you.
You are more poisoned.
You have difficulty breathing.
You feel as though you will be slow longer.
You feel extremely sick.
The orc priest mumbles some strange prayers to Beogh against you.
Beogh smites you!
The kobold brigand throws a curare-tipped dart.
The curare-tipped dart hits you.
You are lethally poisoned!
You have difficulty breathing.
* * * LOW HITPOINT WARNING * * *
You feel as though you will be slow longer.
* * * LOW HITPOINT WARNING * * *
You feel extremely sick.
There is a stone staircase leading down here.
* * * LOW HITPOINT WARNING * * *
You feel very sick. The gnoll barely misses you.
The gnoll hits you but does no damage.
You climb downwards.
You die...

###
#..
#.#
#.#
#.#
#@#
#.#
###


There were no monsters in sight!

Vanquished Creatures
  2 scorpions (D:4)
  2 howler monkeys (D:4)
  2 bombardier beetles (D:3)
  A hound (D:4)
  A sleepcap (D:4)
  An orc wizard (D:3)
  7 gnolls
  5 adders
  2 dart slugs (D:3)
  4 ribbon worms
  8 orcs
  9 endoplasms
  2 giant cockroaches
  11 goblins
  4 hobgoblins
  19 jackals
  3 quokkas
  14 ball pythons
  7 bats
  3 frilled lizards
  7 kobolds
  3 rats
117 creatures vanquished.

Notes
Turn   | Place    | Note
-------+----------+-------------------------------------------
     0 | D:1      | greenreed the Minotaur Berserker began the quest for the
                  | Orb.
     0 | D:1      | Reached XP level 1. HP: 19/19 MP: 0/0
   218 | D:1      | Reached skill level 4 in Fighting
   218 | D:1      | Reached XP level 2. HP: 8/27 MP: 1/1
   501 | D:1      | Found Duise's Assorted Antiques.
   803 | D:2      | Reached XP level 3. HP: 29/33 MP: 2/2
   851 | D:2      | Found Jeneumn's Antique Armour Shop.
   904 | D:2      | Reached ** piety under Trog
  1036 | D:2      | Found a faded altar of an unknown god.
  1345 | D:3      | Reached XP level 4. HP: 26/41 MP: 3/3
  1632 | D:3      | Reached skill level 5 in Fighting
  1750 | D:3      | Reached skill level 5 in Axes
  1750 | D:3      | Reached XP level 5. HP: 28/48 MP: 4/4
  2047 | D:3      | Reached skill level 1 in Maces & Flails
  2127 | D:3      | Reached *** piety under Trog
  2752 | D:4      | Reached XP level 6. HP: 57/57 MP: 5/5
  2828 | D:4      | Reached skill level 6 in Fighting
  2895 | D:4      | Identified the +5 chain mail "Taoxabocoa" {rCorr MP-9
                  | Str+2}
  3005 | D:4      | Reached XP level 7. HP: 58/64 MP: 0/6
  3172 | D:4      | Reached **** piety under Trog
  3327 | D:4      | Found a staircase to the Ecumenical Temple.
  3372 | D:4      | HP: 3/64 [poisoned by a kobold brigand (curare-tipped
                  | dart)]
  3373 | D:5      | Entered Level 5 of the Dungeon
  3373 | D:5      | Succumbed to a kobold brigand's curare-tipped dart

Illustrated notes

Levels and vault maps discovered:
D:1:      doesnt_arrival_eight_statues, layout_loops_ring, serial_shops, shop,
          minmay_cupped
D:2:      layout_rooms, serial_shops, nicolae_shop_trees,
          basic_ecumenical_altar, minivault_11
D:3:      layout_basic, serial_bayou_pond_d, serial_bayou_lake_a
D:4:      lemuel_castle_with_subvaults [lemuel_castle_interior_carwin_2],
          layout_cave_pools, temple_hall
D:5:      layout_basic, abandoned_shop

Skill      XL: |  1  2  3  4  5  6 |
---------------+-------------------+-----
Fighting       | 4 5 6 |  6.5
Axes           | 4 5 |  5.1
Armour         | 3 4 |  4.3
Dodging        | 3 |  3.8
Maces & Flails | 1 3 |  3.6

Action                     |  1- 3 |  4- 6 |  7- 9 || total
---------------------------+-------+-------+-------++-------
  Melee: Hand axe          |   105 |    50 |       ||   155
         Headbutt          |    17 |    18 |     6 ||    41
         Punch             |       |     1 |     1 ||     2
         Flail             |       |    78 |    37 ||   115
 Invoke: Berserk           |     1 |       |       ||     1
   Stab: Sleeping          |     1 |       |       ||     1
 Armour: Animal skin       |    61 |    26 |       ||    87
         Scale mail        |       |    54 |       ||    54
         Chain mail        |       |     8 |    32 ||    40
  Dodge: Dodged            |    65 |    91 |    22 ||   178

Table legend: (Time is in decaauts)
 A = Elapsed time spent in this place.
 B = Non-inter-level travel time spent in this place.
 C = Inter-level travel time spent in this place.
 D = Time resting spent in this place.
 E = Time spent auto-exploring this place.
 F = Levels seen in this place.
 G = Mean time per level.
                   A        B        C        D        E       F      G
               +--------+--------+--------+--------+--------+-----+--------+
         Total |   3436 |   3366 |     70 |    292 |   2315 |   5 |  687.2 |
       Dungeon |   3436 |   3366 |     70 |    292 |   2315 |   5 |  687.2 |
               +--------+--------+--------+--------+--------+-----+--------+

Top non-repeatable levels by time:
     D:3: 1193 daAuts
     D:2: 820 daAuts
     D:1: 777 daAuts
     D:4: 644 daAuts
